 Dungeon Crawl Stone Soup version 0.26-a0-778-g3fe0686644 (webtiles) character file.

Game seed: 13863383473861121042

137 Sun the Insei (level 5, -10/33 HPs)
             Began as an Octopode Transmuter on Nov 10, 2020.
             Mangled by a yak (14 damage)
             ... on level 4 of the Dungeon.
             The game lasted 00:03:52 (4013 turns).

Sun the Insei (Octopode Transmuter)                 Turns: 4013, Time: 00:03:53

Health: -10/33     AC:  1    Str:  9    XL:     5   Next: 20%
Magic:  8/8        EV: 13    Int: 16    God:
Gold:   202        SH:  0    Dex: 13    Spells: 4/8 levels left

rFire    . . .     SeeInvis .     - Unarmed
rCold    . . .     Faith    .   (no shield)
rNeg     + . .     Spirit   .   (helmet restricted)
rPois    .         Reflect  .   (no amulet)
rElec    .         Harm     .   j - ring of positive energy
rCorr    .         Rampage  .   k - +4 ring of slaying
MR       .....                  (no ring)
Stlth    ++........             (no ring)
HPRegen  0.11/turn              (no ring)
MPRegen  0.11/turn              (no ring)
                                (no ring)
                                (no ring)

@: hasted, very quick
A: almost no armour, stealthy swim, amphibious, 8 rings, constrict 8, camouflage
1, gelatinous body 1
a: no special abilities


You were on level 4 of the Dungeon.
You visited 1 branch of the dungeon, and saw 4 of its levels.

You collected 202 gold pieces.

Inventory:

Jewellery
 j - a ring of positive energy (left tentacle)
 k - a +4 ring of slaying (right tentacle)
Wands
 m - a wand of acid (6)
Scrolls
 c - a scroll of fog {unknown}
 d - a scroll of amnesia {unknown}
 e - a scroll of teleportation {unknown}
 f - 3 scrolls of identify {unknown}
 g - 2 scrolls of enchant armour {unknown}
 h - 3 scrolls of remove curse
 i - 3 scrolls of random uselessness {unknown}
Potions
 a - a potion of cancellation {unknown}
 b - 4 potions of haste
 l - 2 potions of brilliance {unknown}
 n - a potion of flight {unknown}


   Skills:
 - Level 1.0 Fighting
 - Level 2.0 Dodging
 * Level 5.0 Unarmed Combat
 - Level 2.0 Spellcasting
 + Level 3.3 Transmutations


You had 4 spell levels left.
You knew the following spells:

 Your Spells              Type           Power        Failure   Level
a - Beastly Appendage     Tmut           ##....       5%          1
b - Spider Form           Tmut/Pois      #.........   32%         3

Your spell library contained the following spells:

 Spells                   Type           Power        Failure   Level
 Wereblood                Tmut           ##......     9%          2
 Ice Form                 Ice/Tmut       #.......     71%         4
 Blade Hands              Tmut           ##........   83%         5


Dungeon Overview and Level Annotations

Branches:
Dungeon (4/15)
 Temple: D:4-7

Altars:
Ashenzari
Qazlal
Trog
Uskayaw


Innate Abilities, Weirdness & Mutations

You cannot wear most types of armour.
You are very stealthy in the water. (Stealth+)
You are amphibious.
You can wear up to eight rings at the same time.
You can use your tentacles to constrict eight enemies at once.
Your skin changes colour to match your surroundings (Stealth+).
Your rubbery body absorbs attacks. (AC +1, EV +1)


Message History

You are too injured to fight recklessly!
You are too injured to fight recklessly!
You are too injured to fight recklessly!
You are too injured to fight recklessly!
Unknown command.
The yak gores you!
* * * LOW HITPOINT WARNING * * *
There is a stone staircase leading up here.
An adder skeleton comes into view.
The adder skeleton barely misses you. The adder skeleton bites you.
* * * LOW HITPOINT WARNING * * *
The adder skeleton closely misses you.
As you read the scroll labeled MUZONU EGHISTUAVA, it crumbles to dust.
You feel blessed for a moment.
It was a scroll of remove curse.
The adder skeleton misses you.
Okay, then.
It was a potion of haste.
You feel yourself speed up. The adder skeleton closely misses you.
The yak gores you!
You die...

........######.##.##...........
#..Y.YY...##...##..........
.#####.5########.....##.........
.(.......# #..)....#.........
.#####..Y# #..._...#..#......
#...YY #.......####....<.
#...### ###.....## #...... ....#
#.## #########.#. .....#
#.@#####.Y..Y...... ..##.#
#.YZY.Y.###.####.## ... .#
###.....# #......## #...###
######### ##### # # # . .


You could see 3 yaks and an adder skeleton.

Vanquished Creatures
  A hound skeleton (D:2)
  2 adders (D:2)
  An ooze (D:1)
  An adder skeleton (D:2)
  An adder zombie (D:2)
  3 worms
  2 dart slugs
  3 leopard geckos
  4 orcs (D:4)
  5 bats
  A bat skeleton (D:2)
  A bat zombie (D:2)
  4 giant cockroaches
  15 goblins
  10 hobgoblins
  2 quokkas
  5 frilled lizards
  A giant cockroach zombie (D:2)
  4 kobolds
  2 leopard gecko zombies (D:2)
  A quokka skeleton (D:4)
  4 rats
73 creatures vanquished.

Notes
Turn   | Place    | Note
-------+----------+-------------------------------------------
     0 | D:1      | Sun the Octopode Transmuter began the quest for the Orb.
     0 | D:1      | Reached XP level 1. HP: 13/13 MP: 3/3
   248 | D:1      | Reached XP level 2. HP: 6/18 MP: 5/5
   849 | D:2      | Reached XP level 3. HP: 22/23 MP: 6/6
   856 | D:2      | You fall into a shaft and drop 1 floor!
  1021 | D:3      | Reached skill level 4 in Unarmed Combat
  1984 | D:4      | Reached XP level 4. HP: 25/28 MP: 7/7
  2083 | D:4      | Found a hide-covered altar of Uskayaw.
  2104 | D:4      | Noticed a yak
  2104 | D:4      | Noticed a yak
  2105 | D:4      | Noticed a yak
  2106 | D:4      | Noticed a yak
  2357 | D:4      | Noticed a phantom
  2909 | D:2      | Learned a level 3 spell: Spider Form
  2991 | D:2      | Found a broken altar of Ashenzari.
  3157 | D:2      | Found a bloodstained altar of Trog.
  3353 | D:2      | Reached XP level 5. HP: 33/33 MP: 8/8
  3374 | D:2      | Reached skill level 5 in Unarmed Combat
  3804 | D:2      | Found a stormy altar of Qazlal.
  3971 | D:4      | Noticed a yak
  4013 | D:4      | Mangled by a yak

Illustrated notes

Levels and vault maps discovered:
D:1:      lemuel_arrival_behind_the_door_large, layout_basic,
          serial_bayou_pond_c
D:2:      kennysheep_the_goblin_king, layout_basic, overflow_temple_1_default,
          old_standard_altar, nicolae_overflow_crystal_walls, serial_undead,
          serial_undead_c, serial_undead_a, serial_undead_d, serial_undead_e,
          serial_undead_b, serial_undead_f, st_stairs_9
D:3:      layout_basic, nrook_loot_triangle, kennysheep_generic_room_6
D:4:      layout_loops_ring, nemelex_xobeh_ov_fountains_minmay,
          lemuel_round_altar

Skill      XL: |  1  2  3  4  5 |
---------------+----------------+-----
Unarmed Combat | 4 5 |  5.0
Transmutations | 3 |  3.3
Fighting       | |  1.0
Dodging        | |  2.0
Spellcasting   | |  2.0

Action                   |  1- 3 |  4- 6 || total
-------------------------+-------+-------++-------
Melee: Unarmed           |    84 |    72 ||   156
       Constrict         |    21 |    17 ||    38
       Tentacles         |    20 |     6 ||    26
       Punch             |     1 |       ||     1
  Use: Scroll            |       |     1 ||     1
       Potion            |       |     1 ||     1
 Stab: Sleeping          |    11 |     6 ||    17
       Distracted        |       |     1 ||     1
Armor: Skin              |    11 |     6 ||    17
Dodge: Dodged            |    53 |    39 ||    92

Table legend: (Time is in decaauts)
 A = Elapsed time spent in this place.
 B = Non-inter-level travel time spent in this place.
 C = Inter-level travel time spent in this place.
 D = Time resting spent in this place.
 E = Time spent auto-exploring this place.
 F = Levels seen in this place.
 G = Mean time per level.
                   A        B        C        D        E       F      G
               +--------+--------+--------+--------+--------+-----+--------+
         Total |   4001 |   3840 |    161 |    758 |   2592 |   4 | 1000.2 |
       Dungeon |   4001 |   3840 |    161 |    758 |   2592 |   4 | 1000.2 |
               +--------+--------+--------+--------+--------+-----+--------+

Top non-repeatable levels by time:
     D:3: 1671 daAuts
     D:2: 1307 daAuts
     D:1: 784 daAuts
     D:4: 237 daAuts
